AoeStats
← 珍珠嘉都

Hideout

508389376Analyzed
1v1 RM · 11d ago on Sep 22, 2026· 53m 22s· 2 players
Game mode
Random Map
Map size
Tiny (2 player)
Population
200
Speed
Normal
Resources
Standard
Victory
Conquest
Starting age
Dark Age
Ending age
Imperial Age
RankedLock teamsTeams togetherTeam positionsShared explorationLock speedFull tech treeHidden civsTurbo modeCheats
Victory
Defeat
🇺🇸 Khmer · United States
525
+16
🇹🇼 Britons · Taiwan
525
-16
珍珠嘉都
0:28 Loom
9:52 Feudal Age
16:49 Castle Age
14:51 Double-Bit Axe
15:17 Horse Collar
16:12 Stone Mining
22:21 Bow Saw
24:17 Fletching
25:16 Forging
25:07 Scale Mail Armor
26:02 Squires
27:07 Gold Mining
27:26 Heavy Plow
27:11 Pikeman
30:13 Iron Casting
29:53 Chain Mail Armor
31:21 Bodkin Arrow
33:02 Gold Shaft Mining
34:20 Chain Mail Armor
36:42 Padded Archer Armor
39:51 Imperial Age
37:58 Wheelbarrow
37:10 Town Watch
38:58 Ballistics
40:50 Yeomen
40:49 Arson
41:07 Bracer
43:06 Two-Man Saw
41:54 Halberdier
43:26 Plate Mail Armor
44:17 Conscription
44:43 Leather Archer Armor
46:29 Blast Furnace
47:00 Ring Archer Armor
48:53 Chemistry
49:13 Elite Longbowman
50:37 Siege Engineers
Bleedrs
10:20 Loom
12:19 Feudal Age
15:52 Castle Age
14:04 Double-Bit Axe
21:42 Scale Barding Armor
22:59 Husbandry
24:17 Wheelbarrow
29:26 Elite Skirmisher
33:02 Imperial Age
30:23 Horse Collar
32:39 Ballistics
34:14 Hand Cart
34:34 Chain Barding Armor
34:23 Siege Engineers
34:31 Cavalier
35:45 Bloodlines
35:47 Heavy Plow
37:49 Double Crossbow
39:59 Light Cavalry
42:20 Heavy Scorpion
44:56 Elite Ballista Elephant
48:50 Chemistry
48:33 Plate Barding Armor
48:49 Hussar
50:33 Bow Saw
50:17 Fletching
Connection lost

Rejoining the realm…

Still unreachable

The connection could not be restored.

Session expired

The server has moved on; the page needs a fresh start.